 Dungeon Crawl Stone Soup version 0.21.1-1-g345015fe64 (webtiles) character file.

62 Ivernyr the Shooter (level 3, -1/29 HPs)
             Began as a Centaur Arcane Marksman on Mar 27, 2018.
             Slain by a worm (7 damage)
             ... on level 3 of the Dungeon.
             The game lasted 00:05:09 (2695 turns).

Ivernyr the Shooter (Centaur Arcane Marksman)       Turns: 2695, Time: 00:05:09

Health: -1/29      AC:  4    Str: 12    XL:     3   Next: 85%
Magic:  4/4        EV:  9    Int: 12    God:
Gold:   105        SH:  0    Dex: 10    Spells: 3/4 levels left

rFire    . . .     SeeInvis .   a - +0 shortbow
rCold    . . .     Gourm    .   (shield currently unavailable)
rNeg     . . .     Faith    .   e - +0 robe
rPois    .         Spirit   .   (no helmet)
rElec    .         Reflect  .   (no cloak)
rCorr    .         Harm     .   (no gloves)
MR       .....                  (no barding)
Stlth    +.........             (no amulet)
HPRegen  0.09/turn              g - ring of flight
MPRegen  0.09/turn              (no ring)

@: very quick
A: large, hooves 3, deformed body, speed 2, tough skin 3
a: Evoke Flight


You were on level 3 of the Dungeon.
You were near starving.

You visited 1 branch of the dungeon, and saw 3 of its levels.

You collected 105 gold pieces.

Inventory:

Hand Weapons
 a - a +0 shortbow (weapon)
Missiles
 d - 33 arrows (quivered)
Armour
 e - a +0 robe (worn)
Jewellery
 g - a ring of flight (left hand)
 l - a +5 ring of strength {unknown}
Scrolls
 j - a scroll of identify {unknown}
 k - 2 scrolls of remove curse {unknown}
 m - 2 scrolls of noise {unknown}
 n - a scroll of teleportation {unknown}
 o - a scroll of fog {unknown}
 p - a scroll of enchant weapon {unknown}
Potions
 b - a potion of resistance {unknown}
 h - 2 potions of degeneration {unknown}
 i - a potion of curing {unknown}
Books
 c - a book of Debilitation

   Spells                             Type                      Level
   a - Corona                         Hexes                        1
   b - Slow                           Hexes                        2
   c - Inner Flame                    Hexes/Fire                   3
   d - Portal Projectile              Hexes/Translocation          3
   e - Cause Fear                     Hexes                        4
   f - Leda's Liquefaction            Hexes/Earth                  4
Comestibles
 f - 5 rations


   Skills:
 + Level 2.0 Fighting
 * Level 4.4 Bows
 - Level 1.3 Dodging
 - Level 1.0 Spellcasting
 + Level 3.2 Hexes


You had 3 spell levels left.
You knew the following spells:

 Your Spells              Type           Power        Failure   Level  Hunger
a - Corona                Hex            #......      9%          1    ##.....


Dungeon Overview and Level Annotations

Branches:
Dungeon (3/15)

Altars:
Ashenzari
Hepliaklqana
The Shining One


Innate Abilities, Weirdness & Mutations

You have hooves in place of feet.
Armour fits poorly on your strangely shaped body.
You cover ground very quickly.
You have extremely tough skin. (AC +3)


Message History

The giant cockroach closely misses you.
Firing (i - inventory):
d - 36 arrows (quivered)
Press: ? - help, Shift-Dir - straight line, f/p - giant cockroach
Aim: a giant cockroach (clinging)
You shoot an arrow.
The arrow hits the giant cockroach but does no damage.
The giant cockroach bites you but does no damage.
Firing (i - inventory):
d - 35 arrows (quivered)
Press: ? - help, Shift-Dir - straight line, f/p - giant cockroach
Aim: a giant cockroach (clinging)
You shoot an arrow. The arrow hits the giant cockroach!
You kill the giant cockroach!
Your Fighting skill increases to level 2!
Firing (i - inventory):
d - 34 arrows (quivered)
Press: ? - help, Shift-Dir - straight line, f - worm
Aim: a worm (heavily wounded)
You shoot an arrow. The arrow hits the worm.
The worm is severely wounded.
The worm bites you!
You die...

..# ...# ...#
...## # #.....
#.#######.>.###%
#...@wh((.......
########..#.###
#.#.# #.# # #w#
#s# #.# #.# #(#


You could see a worm and a jackal.

Vanquished Creatures
  An adder (D:2)
  An ooze (D:1)
  A worm (D:2)
  A dart slug (D:2)
  2 giant cockroaches
  4 goblins
  3 hobgoblins
  3 jackals
  2 quokkas (D:2)
  2 ball pythons
  4 bats
  6 frilled lizards
  6 kobolds
  9 rats
45 creatures vanquished.

Notes
Turn   | Place    | Note
-------+----------+-------------------------------------------
     0 | D:1      | Ivernyr the Centaur Arcane Marksman began the quest for the Orb.
     0 | D:1      | Reached XP level 1. HP: 16/16 MP: 2/2
   244 | D:1      | Reached skill level 3 in Bows
   505 | D:1      | Reached XP level 2. HP: 18/23 MP: 3/3
   945 | D:1      | Found a glowing golden altar of the Shining One.
  1334 | D:2      | Reached XP level 3. HP: 26/28 MP: 4/4
  1394 | D:2      | Reached skill level 4 in Bows
  2374 | D:2      | Found a shattered altar of Ashenzari.
  2376 | D:2      | Found a hazy altar of Hepliaklqana.
  2695 | D:3      | Slain by a worm

Skill      XL: |  1  2  3 |
---------------+----------+-----
Bows           | 3 4 |  4.4
Hexes          | 3 |  3.2
Fighting       | 2 |  2.0
Dodging        | |  1.3
Spellcasting   | |  1.0

Action                   || total
-------------------------++-------
Melee: Unarmed           ||   175
       Kick              ||    46
 Fire: Shortbow          ||    13
 Cast: Corona            ||     2
  Eat: Chunk             ||     3
Armor: Robe              ||    57
Dodge: Dodged            ||    81
